 Dungeon Crawl Stone Soup version 0.30.0-29-ga12c61a403 (webtiles) character file.

Game seed: 16581572445008091318

81 ChiefBigBeans the Ducker (level 4, -2/35 HPs)
             Began as a Demonspawn Gladiator on June 21, 2023.
             Slain by a gnoll
             ... wielding a +0 club
              (4 damage)
             ... on level 2 of the Dungeon.
             The game lasted 00:03:04 (1324 turns).

ChiefBigBeans the Ducker (Demonspawn Gladiator)     Turns: 1324, Time: 00:03:05

Health: -2/35      AC:  7    Str: 16    XL:     4   Next: 19%
Magic:  4/4        EV: 11    Int:  7    God:
Gold:   61         SH:  0    Dex: 15    Spells: 3/3 levels left

rFire   . . .        a - +0 trident
rCold   . . .        (no shield)
rNeg    . . .        k - +0 scale mail
rPois   .            c - +0 helmet
rElec   .            (no cloak)
rCorr   .            (no gloves)
SInv    .            (no boots)
Will    .....        (no amulet)
Stlth   +            (no ring)
HPRegen 0.25/turn    (no ring)
MPRegen 0.09/turn

%: no passive effects
@: no status effects
A: sturdy frame 1, dopey 1
a: no special abilities


You were on level 2 of the Dungeon.
You visited 1 branch of the dungeon, and saw 2 of its levels.

You collected 61 gold pieces.

Inventory:

Hand Weapons
 a - a +0 trident (weapon)
Missiles
 d - 3 throwing nets (quivered)
 e - a javelin
Armour
 b - a +0 leather armour
 c - a +0 helmet (worn)
 k - a +0 scale mail (worn)
Jewellery
 g - a ring of resist corrosion
Scrolls
 f - a scroll of teleportation
 h - a scroll of summoning {unknown}
 i - a scroll of immolation {unknown}
 m - a scroll of silence
 n - a scroll of enchant armour
Potions
 l - a potion of degeneration {unknown}
 o - a potion of flight


   Skills:
 + Level 3.1 Fighting
 - Level 2.7 Polearms
 - Level 1.7 Throwing
 + Level 1.8 Armour
 + Level 3.4 Dodging


You had 3 spell levels left.
You didn't know any spells.
Your spell library was empty.

Dungeon Overview and Level Annotations

Branches:
Dungeon (2/15)

Altars:


Innate Abilities, Weirdness & Mutations

Your movements are slightly less encumbered by armour. (ER -2)
You are dopey. (Int -2)


Message History

The gnoll is moderately wounded.
The gnoll hits you from afar with a +0 spear.
You reach to attack!
You puncture the gnoll!
You kill the gnoll!
The gnoll closely misses you.
Your Fighting skill increases to level 3!
You have reached level 4!
You feel agile.
You hit the gnoll.
The gnoll is moderately wounded.
The gnoll barely misses you.
You barely miss the gnoll.
The gnoll is moderately wounded.
You closely miss the gnoll.
The gnoll is moderately wounded.
The gnoll hits you but does no damage.
The gnoll hits you with a +1 whip of electrocution.
You hit the gnoll but do no damage.
The gnoll is moderately wounded.
The gnoll hits you with a +0 club. The gnoll misses you.
You hit the gnoll.
The gnoll is severely wounded.
The gnoll barely misses you. The gnoll hits you but does no damage.
You are electrocuted!!
Ouch! That really hurt!
You are too injured to fight recklessly!
You are too injured to fight recklessly!
You feel better. The gnoll misses you. The gnoll barely misses you.
You closely miss the gnoll.
The gnoll is severely wounded.
The gnoll hits you with a +0 club.
The gnoll hits you with a +1 whip of electrocution. x2
The gnoll hits you with a +0 club.
* * * LOW HITPOINT WARNING * * *
You puncture the gnoll!
You kill the gnoll!
The gnoll hits you with a +0 club.
* * * LOW HITPOINT WARNING * * *
The gnoll hits you with a +0 club.
You die...

###***** #..,,,,* #<#***,#
***** ##### #(####.##**,,,*
#...# #.#......,,,,,*
###.#.### #@g)...#***,,,***
#...#...#####.###..#*,,,,,,,*
#.#####.......# *,,**,**,**,*
#...#...#####.#**,***,*,,**,*
###.#.### #...,,* *,*,***,*
#...# **#####** *,*,***,*
##†## *,,,,,,,* *,,,,,,,*
#.######,,,,,,,* ***,*****
#.##...#,,,,,,,***,,,>,*


You could see a gnoll.

Vanquished Creatures
  2 gnolls (D:2)
  An adder (D:2)
  A worm (D:2)
  5 orcs (D:2)
  5 endoplasms
  2 giant cockroaches (D:1)
  A goblin (D:1)
  5 hobgoblins (D:2)
  5 kobolds
  A quokka (D:1)
  4 ball pythons
  5 bats
  4 frilled lizards
  A rat (D:1)
42 creatures vanquished.

Notes
Turn   | Place    | Note
-------+----------+-------------------------------------------
     0 | D:1      | ChiefBigBeans the Demonspawn Gladiator began the quest for
                  | the Orb.
     0 | D:1      | Reached XP level 1. HP: 16/16 MP: 1/1
   124 | D:1      | Gained mutation: Your movements are slightly less
                  | encumbered by armour. (ER -2) [demonic ancestry]
   124 | D:1      | Reached XP level 2. HP: 22/22 MP: 2/2
   368 | D:1      | Found a faded altar of an unknown god.
   461 | D:1      | Reached skill level 1 in Armour
   865 | D:2      | Reached XP level 3. HP: 27/28 MP: 3/3
   968 | D:2      | Gained mutation: You are dopey. (Int -2) [potion of
                  | mutation]
  1316 | D:2      | Reached XP level 4. HP: 33/35 MP: 4/4
  1323 | D:2      | HP: 1/35 [gnoll/+0 club (4)]
  1324 | D:2      | Slain by a gnoll

Illustrated notes

Levels and vault maps discovered:
D:1:      eino_arrival_cavern_b, layout_basic,
          dreamdust_ecumenical_altar_statues
D:2:      layout_loops_cross, serial_bayou_ford_a

Skill      XL: |  1  2  3 |
---------------+----------+-----
Dodging        | 3 |  3.4
Armour         | 1 |  1.8
Fighting       | 3 |  3.1
Polearms       | |  2.7
Throwing       | |  1.7

Action                     |  1- 3 |  4- 6 || total
---------------------------+-------+-------++-------
  Melee: Trident           |   108 |     7 ||   115
    Use: Scroll            |     6 |       ||     6
         Potion            |     5 |     1 ||     6
 Armour: Leather armour    |     4 |       ||     4
         Scale mail        |    25 |     2 ||    27
  Dodge: Dodged            |    58 |     5 ||    63
